 Dungeon Crawl Stone Soup version 0.29-a0-841-g116ddc6ace (webtiles) character file.

Game seed: 16915352147371513152

231 iguanaiguana the Chiller (level 6, -3/44 HPs)
             Began as a Gnoll Ice Elementalist on July 14, 2022.
             Killed by divine providence
             ... invoked by an orc priest
              (14 damage)
             ... on level 5 of the Dungeon.
             The game lasted 00:12:36 (1358 turns).

iguanaiguana the Chiller (Gnoll Ice Elementalist)   Turns: 1358, Time: 00:12:37

Health: -3/44      AC:  4    Str:  7    XL:     6   Next: 4%
Magic:  1/13       EV: 12    Int: 17    God:
Gold:   101        SH:  0    Dex: 12    Spells: 8/15 levels left

rFire   x . .      SeeInvis .   c - +0 dagger
rCold   + . .      Faith    .   (no shield)
rNeg    . . .      Spirit   .   p - +0 leather armour
rPois   .          Reflect  .   (no helmet)
rElec   .          Harm     .   (no cloak)
rCorr   .          Rampage  .   i - +0 pair of gloves
Will    .....                   (no boots)
Stlth   ++........              (no amulet)
HPRegen 0.14/turn               o - ring of ice
MPRegen 0.13/turn               (no ring)

@: lethally poisoned (-3 -> -6)
A: fangs 1, strong nose, distributed training
a: no special abilities


You were on level 5 of the Dungeon.
You visited 1 branch of the dungeon, and saw 5 of its levels.

You collected 101 gold pieces.

Inventory:

Hand Weapons
 c - a +0 dagger (weapon)
Missiles
 b - 13 poisoned darts
 f - 3 boomerangs (quivered)
 k - 2 throwing nets
Armour
 a - a +0 robe
 i - a +0 pair of gloves (worn)
 p - a +0 leather armour (worn)
Jewellery
 o - a ring of ice (left hand)
Wands
 q - a wand of quicksilver (5)
Scrolls
 g - 2 scrolls of blinking {unknown}
 h - a scroll of fear {unknown}
 j - a scroll of poison {unknown}
 n - a scroll of amnesia {unknown}
Potions
 d - a potion of attraction
 e - 3 potions of haste {@q4}
 l - a potion of berserk rage
 m - a potion of curing {unknown}


   Skills:
 + Level 1.8 Fighting
 + Level 1.8 Short Blades
 + Level 1.8 Long Blades
 + Level 1.8 Axes
 + Level 1.8 Maces & Flails
 + Level 1.8 Polearms
 + Level 1.8 Staves
 + Level 1.8 Ranged Weapons
 + Level 1.8 Throwing
 + Level 1.8 Armour
 + Level 4.9 Dodging
 + Level 4.5 Stealth
 + Level 1.8 Shields
 + Level 1.8 Unarmed Combat
 + Level 5.3 Spellcasting
 + Level 1.4 Conjurations
 + Level 1.4 Hexes
 + Level 1.4 Summonings
 + Level 1.4 Necromancy
 + Level 1.4 Translocations
 + Level 1.4 Transmutations
 + Level 1.4 Fire Magic
 + Level 7.2 Ice Magic
 + Level 1.4 Air Magic
 + Level 1.4 Earth Magic
 + Level 1.4 Poison Magic
 + Level 2.0 Invocations
 + Level 1.8 Evocations


You had 8 spell levels left.
You knew the following spells:

 Your Spells              Type           Power      Damage    Failure   Level
a - Freeze                Ice            100%       1d11      1%          1
b - Frozen Ramparts       Ice            86%        1d10      3%          3
c - Ozocubu's Armour      Ice            43%        N/A       3%          3

Your spell library contained the following spells:

 Spells                   Type           Power      Damage    Failure   Level
 Summon Small Mammal      Summ           36%        N/A       11%         1
 Call Canine Familiar     Summ           9%         N/A       32%         3
 Summon Guardian Golem    Hex/Summ       9%         N/A       32%         3
 Hailstorm                Conj/Ice       29%        3d8       32%         4


Dungeon Overview and Level Annotations

Branches:
Dungeon (5/15) Zot: 26961
 Temple: D:4-7

Altars:
Fedhas
Hepliaklqana
Trog
The Shining One

Annotations:
D:3 exclusion: downstairs


Innate Abilities, Weirdness & Mutations

You have very sharp teeth.
Your uncanny sense of smell can sniff out nearby items.
Your experience applies equally to all skills.


Message History

Beogh smites you!
* * * LOW HITPOINT WARNING * * *
You hit the orc.
You kill the orc!
Casting: Frozen Ramparts (dangerous; 3% risk of failure)
Confirm with . or Enter, or press ? or * to list all spells.
You feel a surge of power! A film of ice covers your body!
The wall freezes the orc priest!
The adder hisses angrily.
Okay, then.
You hit the orc priest. Your bite misses the orc priest.
The orc priest is almost dead.
You barely miss the orc priest.
You bite the orc priest, but do no damage.
The orc priest is almost dead.
The wall freezes the adder!
You closely miss the orc priest.
You bite the orc priest, but do no damage.
The orc priest is almost dead.
You closely miss the orc priest. Your bite misses the orc priest.
The orc priest is almost dead.
You hit the orc priest.
The orc priest is almost dead.
The adder bites you.
* * * LOW HITPOINT WARNING * * *
You are poisoned.
The adder poisons you!
Your icy armour and frozen ramparts will break if you move.
Continue? [Y]es or [N]o only, please.
Your icy armour and frozen ramparts will break if you move.
Continue?
Your icy armour cracks and falls away as you move.
The frozen ramparts melt away as you move.
The orc priest hits you with a +0 flail.
* * * LOW HITPOINT WARNING * * *
The adder bites you.
* * * LOW HITPOINT WARNING * * *
a +0 club; an orc corpse The orc priest mumbles some strange prayers to Beogh against you.
Beogh smites you!
You die...

####..... ...#
#.......##.S.o
#.............
#...........
#>..........
#......)#
#...<...# #
#.....o.###..#
####..S)@....#
#.#######.#
#.# #.# #.#
#.# #.# .#. #
#


You could see an orc priest and an adder.

Vanquished Creatures
  A kobold brigand (D:4)
  A howler monkey (D:5)
  2 gnolls (D:3)
  2 adders
  3 worms
  2 dart slugs
  5 orcs
  3 endoplasms
  A giant cockroach (D:4)
  8 hobgoblins
  9 jackals
  2 kobolds (D:2)
  3 quokkas
  4 ball pythons
  3 bats
  A frilled lizard (D:1)
  10 goblins
  3 rats
  A spectral goblin (D:3)
64 creatures vanquished.

Notes
Turn   | Place    | Note
-------+----------+-------------------------------------------
     0 | D:1      | iguanaiguana the Gnoll Ice Elementalist began the quest for
                  | the Orb.
     0 | D:1      | Reached XP level 1. HP: 13/13 MP: 6/6
    95 | D:1      | Reached XP level 2. HP: 14/19 MP: 5/7
   316 | D:2      | Reached skill level 5 in Spellcasting
   316 | D:2      | Reached XP level 3. HP: 15/25 MP: 4/9
   329 | D:2      | Learned a level 3 spell: Frozen Ramparts
   333 | D:2      | Learned a level 3 spell: Ozocubu's Armour
   418 | D:2      | Reached skill level 1 in Invocations
   475 | D:3      | Reached skill level 1 in Fighting
   475 | D:3      | Reached skill level 1 in Short Blades
   475 | D:3      | Reached skill level 1 in Long Blades
   475 | D:3      | Reached skill level 1 in Axes
   475 | D:3      | Reached skill level 1 in Maces & Flails
   475 | D:3      | Reached skill level 1 in Polearms
   475 | D:3      | Reached skill level 1 in Staves
   475 | D:3      | Reached skill level 1 in Ranged Weapons
   475 | D:3      | Reached skill level 1 in Throwing
   475 | D:3      | Reached skill level 1 in Armour
   475 | D:3      | Reached skill level 1 in Shields
   475 | D:3      | Reached skill level 1 in Unarmed Combat
   475 | D:3      | Reached skill level 1 in Evocations
   566 | D:3      | Found a hazy altar of Hepliaklqana.
   628 | D:3      | Reached XP level 4. HP: 19/31 MP: 2/11
   670 | D:4      | Noticed a kobold brigand
   679 | D:4      | Killed a kobold brigand
   680 | D:4      | Reached skill level 1 in Conjurations
   680 | D:4      | Reached skill level 1 in Hexes
   680 | D:4      | Reached skill level 1 in Summonings
   680 | D:4      | Reached skill level 1 in Necromancy
   680 | D:4      | Reached skill level 1 in Translocations
   680 | D:4      | Reached skill level 1 in Transmutations
   680 | D:4      | Reached skill level 1 in Fire Magic
   680 | D:4      | Reached skill level 1 in Air Magic
   680 | D:4      | Reached skill level 1 in Earth Magic
   680 | D:4      | Reached skill level 1 in Poison Magic
   680 | D:4      | Reached XP level 5. HP: 13/37 MP: 8/12
   682 | D:4      | Found a bloodstained altar of Trog.
   687 | D:4      | Noticed a phantom
  1269 | D:4      | Found a blossoming altar of Fedhas.
  1283 | D:4      | Found a glowing golden altar of the Shining One.
  1319 | D:5      | Entered Level 5 of the Dungeon
  1331 | D:5      | Reached XP level 6. HP: 40/44 MP: 6/13
  1358 | D:5      | Killed from afar by an orc priest

Illustrated notes

Levels and vault maps discovered:
D:1:      dpeg_arrival_boxorama, layout_basic,
          nicolae_concentric_dashed_squares_mild, corexii_hall_statues_x
D:2:      layout_loops_ring, minmay_misc_feat_x, uniq_terence
D:3:      layout_basic, nicolae_hepliaklqana_monster_ancestors,
          minmay_goblin_outpost
D:4:      wander_river, layout_basic, fedhas_altar_2, nicolae_uskayaw_suspiria,
          grunt_temple_overflow_open
D:5:      layout_loops_ring, mainiacjoe_overflow_tiny_flanked, enter_ossuary_1

Skill      XL: |  1  2  3  4  5 |
---------------+----------------+-----
Spellcasting   | 5 |  5.3
Invocations    | 1 2 |  2.0
Fighting       | 1 |  1.8
Short Blades   | 1 |  1.8
Long Blades    | 1 |  1.8
Axes           | 1 |  1.8
Maces & Flails | 1 |  1.8
Polearms       | 1 |  1.8
Staves         | 1 |  1.8
Ranged Weapons | 1 |  1.8
Throwing       | 1 |  1.8
Armour         | 1 |  1.8
Shields        | 1 |  1.8
Unarmed Combat | 1 |  1.8
Evocations     | 1 |  1.8
Conjurations   | 1 |  1.4
Hexes          | 1 |  1.4
Summonings     | 1 |  1.4
Necromancy     | 1 |  1.4
Translocations | 1 |  1.4
Transmutations | 1 |  1.4
Fire Magic     | 1 |  1.4
Air Magic      | 1 |  1.4
Earth Magic    | 1 |  1.4
Poison Magic   | 1 |  1.4
Dodging        | |  4.9
Stealth        | |  4.5
Ice Magic      | |  7.2

Action                   |  1- 3 |  4- 6 || total
-------------------------+-------+-------++-------
Melee: Dagger            |    29 |    40 ||    69
       Bite              |     4 |     6 ||    10
Throw: Boomerang         |     6 |     5 ||    11
 Cast: Freeze            |    40 |     1 ||    41
       Frozen Ramparts   |     6 |    16 ||    22
       Ozocubu's Armour  |       |     6 ||     6
  Use: Potion            |       |     2 ||     2
       Scroll            |       |     3 ||     3
 Stab: Sleeping          |     2 |       ||     2
Armor: Robe              |     8 |     1 ||     9
       Leather armour    |       |     2 ||     2
Dodge: Dodged            |    35 |    27 ||    62

Table legend: (Time is in decaauts)
 A = Elapsed time spent in this place.
 B = Non-inter-level travel time spent in this place.
 C = Inter-level travel time spent in this place.
 D = Time resting spent in this place.
 E = Time spent auto-exploring this place.
 F = Levels seen in this place.
 G = Mean time per level.
                   A        B        C        D        E       F      G
               +--------+--------+--------+--------+--------+-----+--------+
         Total |   1356 |    547 |    809 |      0 |      0 |   5 |  271.2 |
       Dungeon |   1356 |    547 |    809 |      0 |      0 |   5 |  271.2 |
               +--------+--------+--------+--------+--------+-----+--------+

Top non-repeatable levels by time:
     D:3: 639 daAuts
     D:2: 330 daAuts
     D:4: 239 daAuts
     D:1: 109 daAuts
     D:5: 37 daAuts
